 Dungeon Crawl Stone Soup version 0.28.0-53-g5a82cb258f (webtiles) character file.

Game seed: 13273908212974292997

1591 quokkamancerX the Summoner (level 8, -11/41 HPs)
             Began as a Tengu Summoner on June 17, 2022.
             Was a Follower of Vehumet.
             Mangled by an ogre
             ... wielding a +0 giant spiked club
              (31 damage)
             ... on level 5 of the Dungeon.
             The game lasted 00:34:52 (8134 turns).

quokkamancerX the Summoner (Tengu Summoner)         Turns: 8134, Time: 00:34:53

Health: -11/41     AC:  5    Str:  8    XL:     8   Next: 93%
Magic:  11/16      EV: 14    Int: 18    God:    Vehumet [*.....]
Gold:   281        SH:  0    Dex: 15    Spells: 4/17 levels left

rFire   . . .      SeeInvis .   x - +3 mace
rCold   . . .      Faith    .   (no shield)
rNeg    . . .      Spirit   .   k - +0 robe
rPois   +          Reflect  .   (helmet restricted)
rElec   .          Harm     .   s - +2 cloak {rPois}
rCorr   .          Rampage  .   (no gloves)
Will    .....                   (boots unavailable)
Stlth   ++........              q - amulet of the acrobat
HPRegen 0.13/turn               (no ring)
MPRegen 0.15/turn               (no ring)

@: flying quickly and evasively, quick
A: beak, talons 3, nimble flight
a: Renounce Religion


You were on level 5 of the Dungeon.
You worshipped Vehumet.
Vehumet was aware of your devotion.
You visited 1 branch of the dungeon, and saw 5 of its levels.

You collected 281 gold pieces.

Inventory:

Hand Weapons
 x - a +3 mace (weapon)
Missiles
 e - 4 curare-tipped darts
Armour
 k - a +0 robe (worn)
 s - a +2 cloak of poison resistance (worn)
Magical Staves
 a - a staff of air
Jewellery
 q - an amulet of the acrobat (around neck)
 u - a ring of protection from fire
Wands
 i - a wand of paralysis (8)
 t - a wand of iceblast (11)
Scrolls
 c - a scroll of teleportation
 d - a scroll of fear {unknown}
 f - 4 scrolls of immolation
 p - a scroll of blinking
 r - a scroll of vulnerability
 v - a scroll of brand weapon {unknown}
Potions
 g - 2 potions of attraction {unknown}
 h - a potion of resistance {unknown}
 j - 2 potions of invisibility
 l - a potion of magic {unknown}
 m - 2 potions of heal wounds {unknown}
 n - a potion of flight {unknown}
 o - 2 potions of mutation
 w - a potion of curing {unknown}


   Skills:
 - Level 2.1 Dodging
 - Level 2.0 Stealth
 + Level 5.2 Spellcasting
 + Level 11.0 Summonings
 - Level 6.0 Air Magic


You had 4 spell levels left.
You knew the following spells:

 Your Spells              Type           Power      Damage    Failure   Level
a - Summon Small Mammal   Summ           100%       N/A       1%          1
b - Call Canine Familiar  Summ           44%        N/A       1%          3
c - Summon Guardian Gole  Hex/Summ       24%        N/A       4%          3
d - Call Imp              Summ           44%        N/A       1%          2
e - Summon Lightning Spi  Summ/Air       35%        N/A       4%          4

Your spell library contained the following spells:

 Spells                   Type           Power      Damage    Failure   Level
 Magic Dart               Conj           16%        1d3       13%         1
 Sandblast                Erth           8%         2d5       13%         1
 Passwall                 Tmut/Erth      3%         N/A       21%         2
 Stone Arrow              Conj/Erth      8%         3d7       36%         3


Dungeon Overview and Level Annotations

Branches:
Dungeon (5/15)
 Temple: D:4-7

Altars:
Fedhas
Vehumet

Shops:
D:4 =

Annotations:
D:2 exclusion: downstairs
D:5 Eustachio


Innate Abilities, Weirdness & Mutations

You have a beak for a mouth.
You have claws for feet.
Your magical nature lets you fly swiftly and evasively.


Message History

The phantom is severely damaged.
Your wolf misses the phantom. The phantom hits you.
The phantom blinks!
You blink.
The phantom hits you.
The phantom blinks!
You blink.
You barely miss the phantom. Your kick misses the phantom.
Your peck misses the phantom.
The phantom is severely damaged.
The phantom barely misses you.
You hit the phantom. Your kick misses the phantom.
The phantom is almost destroyed.
The phantom closely misses you.
You closely miss the phantom. You peck the phantom, but do no damage.
The phantom is almost destroyed.
The phantom barely misses you. x2
You hit the phantom.
You destroy the phantom!
Vehumet accepts your kill.
Your Summonings skill increases to level 11!
You start resting.
Your wolf disappears in a puff of smoke!
HP restored.
Found a hunting sling.
A beastly little devil appears in a puff of flame.
The ogre shouts!
The ogre hits you with a +0 giant spiked club!!
Ouch! That really hurt!
Casting: Call Imp (safe; 1% risk of failure)
Confirm with . or Enter, or press ? or * to list all spells.
You barely miss the ogre. Your kick misses the ogre.
You peck the ogre, but do no damage.
Your wolf barely misses the ogre.
The ogre misses you.
Your crimson imp barely misses the ogre.
Your wolf bites the ogre.
You hit the ogre. You claw the ogre. You peck the ogre.
The ogre is heavily wounded.
Your wolf bites the ogre.
The ogre closely misses you.
Your crimson imp barely misses the ogre.
Your wolf bites the ogre!
The ogre hits you with a +0 giant spiked club!!
Ouch! That really hurt!
You die...

#..#####.#...................#.
####..##................#....[..#
.#.#.(..................##..##...
.........(.................###...
..(###.....##...#.#.........<..##
..#####.....##....#.........b..##
..##.#.....####..>..............#
...........# #..5.............r.
..#.........# ##@O...#..#........
..##...#....# #h....#..#.....###
..##..## ... .................#
..##..##..... ....)....#.......##
........†.).)##.......###.>....#
......#...... ......### ......###
....#........ ....... ........@.
....##.##........##.## .........5
...##.....##. ......


You could see an ogre (ally target), a friendly wolf (summoned) and a friendly
crimson imp (summoned).

Vanquished Creatures
  An ogre (D:3)
  A centaur (D:4)
  A phantom (D:5)
  A bullfrog skeleton (D:5)
  An iguana (D:4)
  An adder (D:2)
  A white imp (D:4)
  An ufetubus (D:4)
  2 orcs
  A bat (D:1)
  4 endoplasms
  A giant cockroach (D:2)
  3 goblins (D:4)
  2 hobgoblins
  2 jackals (D:1)
  2 quokkas
  2 ball pythons
  2 frilled lizards
  2 kobolds
  A rat (D:1)
32 creatures vanquished.

Vanquished Creatures (collateral kills)
  Grinder (D:3)
  Sigmund (D:3)
  A necrophage (D:5)
  An ogre (D:5)
  3 scorpions
  A wyvern skeleton (D:5)
  A water moccasin skeleton (D:5)
  A hound (D:4)
  Jessica (D:3)
  An orc wizard (D:3)
  Natasha (thrice) (D:2)
  A hound zombie (D:5)
  A hound skeleton (D:4)
  7 adders
  A white imp (D:5)
  2 adder skeletons (D:4)
  An adder zombie (D:5)
  A dart slug (D:5)
  5 orcs
  2 bats (D:1)
  10 endoplasms
  2 giant cockroaches
  5 goblins
  6 hobgoblins
  2 jackals (D:1)
  3 kobolds
  5 quokkas
  5 ball pythons
  2 frilled lizards
  4 rats
80 creatures vanquished.

Vanquished Creatures (others)
  An ogre (D:4)
  Crazy Yiuf (D:3)
2 creatures vanquished.

Grand Total: 114 creatures vanquished

Notes
Turn   | Place    | Note
-------+----------+-------------------------------------------
     0 | D:1      | quokkamancerX the Tengu Summoner began the quest for the
                  | Orb.
     0 | D:1      | Reached XP level 1. HP: 10/10 MP: 4/4
    85 | D:1      | Reached skill level 5 in Summonings
   209 | D:1      | Reached XP level 2. HP: 15/15 MP: 3/6
   552 | D:1      | Learned a level 2 spell: Call Imp
   579 | D:1      | Found a faded altar of an unknown god.
   791 | D:1      | Reached XP level 3. HP: 19/19 MP: 4/7
  1377 | D:2      | Learned a level 3 spell: Call Canine Familiar
  1500 | D:2      | Noticed Natasha
  1516 | D:2      | Killed Natasha
  1687 | D:2      | Reached XP level 4. HP: 24/24 MP: 6/9
  1801 | D:2      | Noticed Natasha
  1813 | D:2      | Killed Natasha
  1814 | D:2      | Reached skill level 6 in Summonings
  2032 | D:2      | Noticed Natasha
  2045 | D:2      | Killed Natasha
  2046 | D:2      | Gained mutation: Your magical nature lets you fly swiftly
                  | and evasively. [Tengu growth]
  2046 | D:2      | Reached XP level 5. HP: 21/28 MP: 6/11
  3041 | D:2      | Found a radiant altar of Vehumet.
  3047 | D:2      | Became a worshipper of Vehumet
  3062 | D:3      | Noticed Grinder
  3062 | D:3      | Noticed Sigmund
  3062 | D:3      | Noticed an ogre
  3782 | D:3      | Killed an ogre
  3783 | D:3      | Reached skill level 7 in Summonings
  3783 | D:3      | Reached XP level 6. HP: 32/32 MP: 9/13
  3839 | D:3      | Learned a level 3 spell: Summon Guardian Golem
  4070 | D:3      | Found a blossoming altar of Fedhas.
  4233 | D:3      | Killed Sigmund
  4234 | D:3      | Reached skill level 8 in Summonings
  4234 | D:3      | Reached XP level 7. HP: 29/36 MP: 12/14
  4318 | D:3      | Paralysed by Grinder for 2 turns
  4331 | D:3      | Killed Grinder
  4494 | D:3      | Noticed Jessica
  4509 | D:3      | Killed Jessica
  4669 | D:3      | Found a runed translucent door.
  4670 | D:3      | Noticed Crazy Yiuf
  4683 | D:3      | Killed Crazy Yiuf
  4780 | D:3      | Learned a level 4 spell: Summon Lightning Spire
  4910 | D:4      | Reached skill level 9 in Summonings
  4910 | D:4      | Reached skill level 5 in Air Magic
  4992 | D:4      | Reached * piety under Vehumet
  4992 | D:4      | Offered knowledge of Magic Dart by Vehumet.
  5053 | D:4      | Reached XP level 8. HP: 37/41 MP: 15/15
  5817 | D:4      | Found Dofiwahu's Jewellery Shoppe.
  5887 | D:4      | Reached skill level 10 in Summonings
  6591 | D:5      | Entered Level 5 of the Dungeon
  7512 | D:5      | Noticed Eustachio
  7997 | D:5      | Reached skill level 5 in Spellcasting
  8054 | D:5      | Reached skill level 11 in Summonings
  8134 | D:5      | Mangled by an ogre

Illustrated notes

Levels and vault maps discovered:
D:1:      saegor_arrival_simple_a, layout_loops_ring, basic_ecumenical_altar
D:2:      layout_basic, basic_altar, uniq_natasha
D:3:      layout_rooms, mainiacjoe_overflow_brackets, uniq_grinder,
          uniq_jessica, uniq_sigmund, uniq_crazy_yiuf_cottage
D:4:      minmay_skewed_foursquare, layout_basic, serial_shops,
          nicolae_shop_crystal, minmay_misc_feat_chi, st_stairs_14
D:5:      layout_cave_pools, st_stairs_2, kennysheep_generic_room_10,
          uniq_eustachio

Skill      XL: |  1  2  3  4  5  6  7  8 |
---------------+-------------------------+-----
Summonings     | 5 6 7 8 9 11 | 11.0
Spellcasting   | 3 4 5 |  5.2
Air Magic      | 2 5 6 |  6.0
Dodging        | |  2.1
Stealth        | |  2.0

Action                   |  1- 3 |  4- 6 |  7- 9 || total
-------------------------+-------+-------+-------++-------
Melee: Unarmed           |    18 |       |       ||    18
       Kick              |     7 |    12 |    29 ||    48
       Dagger            |    10 |    42 |    80 ||   132
       Peck              |     3 |    10 |    16 ||    29
       Mace              |       |       |     8 ||     8
       Punch             |       |       |     4 ||     4
Throw: Dart              |       |     2 |     3 ||     5
       Throwing net      |       |       |     1 ||     1
 Cast: Summon Small Mamm |    12 |       |       ||    12
       Call Imp          |     6 |    11 |    35 ||    52
       Call Canine Famil |     2 |    13 |    19 ||    34
       Summon Guardian G |       |     2 |     9 ||    11
       Summon Lightning  |       |       |     4 ||     4
  Use: Scroll            |       |       |     8 ||     8
 Stab: Sleeping          |     2 |     1 |     1 ||     4
       Distracted        |       |     1 |     1 ||     2
Armor: Robe              |     5 |     4 |    25 ||    34
Dodge: Dodged            |    21 |    43 |   108 ||   172
